Rafales vs River Frogs
(R2)
Created - January 31, 2021 at 19:31
Goals
|
| Rafales |
0 |
0 |
2 |
2 |
| River Frogs |
1 |
2 |
2 |
5 |
|
Shots
|
| Rafales |
6 |
9 |
19 |
34 |
| River Frogs |
11 |
12 |
6 |
29 |
|
1st period
1. River Frogs , Matt Calvert 15 (Jared Knight 15) at 12:18 (PP)
Penalties :
Justin Florek (Lou) for High sticking (Minor) at 3:33, Borna Rendulic (Stf) for Holding Stick (Minor) at 11:07, Cade Fairchild (Stf) for Tripping (Minor) at 12:52, Jared Knight (Lou) for Tripping (Minor) at 15:37
2nd period
2. River Frogs , Timothy Kunes 5 (Austin Watson 4, Mitch Marner 13) at 17:27
3. River Frogs , Emerson Etem 42 (Nikita Zadorov 18, Timothy Kunes 18) at 19:13
Penalties :
Tyrell Goulbourne (Stf) for Tripping (Minor) at 1:27, Ben Thomson (Stf) for Roughing (Minor) at 4:19, Timothy Kunes (Lou) for Hooking (Minor) at 5:10, Maxim Mamin (Lou) for Tripping (Minor) at 8:09, Ben Thomson (Stf) for Hooking (Minor) at 12:22
3rd period
4. River Frogs , Justin Florek 18 (Timothy Kunes 19, Jared Knight 16) at 0:53
5. Rafales , Brian Ferlin 25 (Zac Dalpe 38) at 1:13
6. River Frogs , Austin Watson 9 (Mitch Marner 14, Timothy Kunes 20) at 7:29
7. Rafales , James Sheppard 20 (Connor Murphy 30) at 15:42
Penalties :
Julian Melchiori (Stf) for Tripping (Minor) at 3:35, Emerson Etem (Lou) for Holding (Minor) at 7:52, Zac Dalpe (Stf) for Hooking (Minor) at 8:55, Timothy Kunes (Lou) for Roughing (Minor) at 12:03, Ryan Fitzgerald (Lou) for Cross-checking (Minor) at 16:41
Goalie Stats
Sean Maguire (Stf), 24 saves from 29 shots - (0.828), L, 7-4-1, 60:00 minutes
Thomas Greiss (Lou), 32 saves from 34 shots - (0.941), W, 15-13-0, 60:00 minutes
Players Stats for Rafales
Player Name G A P +/- PIM S H SB GA TA FO MP PP MP PK MP
------------------------------------------------------------------------------------
Ben Johnson 0 0 0 0 0 0 0 0 0 0 0/0 2:00 0:00 1:32
Ben Thomson 0 0 0 -1 4 2 1 0 1 0 0/0 10:25 0:09 0:20
Blake Speers 0 0 0 0 0 0 0 0 0 0 0/0 0:00 0:00 0:00
Borna Rendulic 0 0 0 -1 2 3 1 2 0 0 0/0 9:46 0:00 0:00
Brad Ross 0 0 0 0 0 0 0 0 0 0 0/0 2:24 0:05 1:25
Brian Ferlin 1 0 1 1 0 5 2 2 0 1 1/4 23:15 6:21 6:01
Cade Fairchild 0 0 0 -1 2 1 2 0 0 3 0/0 25:13 6:41 5:46
Connor Murphy 0 1 1 -1 0 2 1 0 1 1 0/0 28:32 6:41 7:08
David Broll 0 0 0 0 0 0 0 0 0 0 0/0 0:00 0:00 0:00
Dylan McIlrath 0 0 0 -1 0 2 3 1 0 0 0/0 23:57 5:08 4:36
Gabriel Carlsson 0 0 0 0 0 0 0 0 0 1 0/0 11:23 5:08 1:44
Garret Ross 0 0 0 -2 0 5 3 2 1 0 0/0 20:03 5:23 3:06
James Livingstone 0 0 0 -2 0 1 0 1 0 0 0/1 16:13 5:24 0:00
James Sheppard 1 0 1 1 0 4 1 1 0 0 0/3 19:22 6:12 3:06
Jayson Megna 0 0 0 -2 0 0 5 0 0 1 7/9 16:07 5:23 0:00
Joe Labate 0 0 0 -1 0 2 0 0 0 0 4/7 9:47 0:00 0:00
Joey Laleggia 0 0 0 0 0 0 1 0 0 0 0/0 10:05 0:00 0:00
Julian Melchiori 0 0 0 -1 2 0 0 2 0 0 0/0 10:50 0:00 2:48
Pavel Kraskovsky 0 0 0 1 0 0 0 0 0 0 0/1 2:20 0:21 0:03
Ryan Bourque 0 0 0 0 0 1 0 0 0 0 2/2 5:10 0:00 0:40
Slater Koekkoek 0 0 0 0 0 1 0 0 0 0 0/0 10:05 0:00 0:00
Tyrell Goulbourne 0 0 0 0 2 0 0 0 0 0 0/0 4:45 0:00 0:00
Zac Dalpe 0 1 1 0 2 5 3 0 3 1 16/34 25:06 6:08 5:49
Players Stats for River Frogs
Player Name G A P +/- PIM S H SB GA TA FO MP PP MP PK MP
------------------------------------------------------------------------------------
Aaron Ness 0 0 0 0 0 0 0 0 0 0 0/0 6:47 0:00 0:09
Andrew Gordon 0 0 0 0 0 4 3 0 1 3 1/2 24:03 5:56 6:02
Austin Watson 1 1 2 2 0 2 0 0 0 0 0/0 6:48 0:00 0:00
Beau Starrett 0 0 0 0 0 0 0 0 0 0 0/0 0:00 0:00 0:00
Bobby Farnham 0 0 0 1 0 0 0 0 0 0 0/0 7:19 0:00 0:00
David Kolomatis 0 0 0 0 0 0 1 0 0 1 0/0 9:11 0:00 1:34
Dillon Heatherington 0 0 0 -1 0 0 0 0 0 0 0/0 4:40 0:00 0:45
Dominik Simon 0 0 0 0 0 3 0 0 1 0 16/33 17:17 6:05 0:44
Emerson Etem 1 0 1 0 2 2 5 0 2 0 9/10 22:57 6:11 5:43
Francis Perron 0 0 0 0 0 0 0 0 0 0 0/1 3:30 0:06 3:00
Jared Knight 0 2 2 -1 2 0 2 0 0 0 4/9 14:37 4:50 0:00
Joakim Nordstrom 0 0 0 0 0 0 0 0 0 0 1/1 2:50 0:09 2:01
Justin Florek 1 0 1 1 2 2 1 0 3 0 0/0 10:46 0:00 2:38
Matt Calvert 1 0 1 -1 0 4 0 0 0 0 0/1 18:48 4:50 3:21
Matt Grzelcyk 0 0 0 -1 0 0 0 0 0 0 0/0 3:28 0:00 0:00
Maxim Mamin 0 0 0 2 2 0 0 0 0 1 0/3 6:54 0:00 0:00
Mitch Marner 0 2 2 2 0 1 1 0 0 0 0/0 6:48 0:00 0:00
Morgan Rielly 0 0 0 0 0 1 1 0 0 0 0/0 20:37 4:11 4:26
Nikita Zadorov 0 1 1 3 0 1 0 0 0 0 0/0 28:56 6:50 7:00
Ondrej Kase 0 0 0 -1 0 2 2 0 0 0 0/0 14:38 4:50 0:00
Richard Nejezchleb 0 0 0 0 0 0 0 0 0 0 0/0 0:40 0:06 0:09
Ryan Fitzgerald 0 0 0 1 2 0 0 0 0 0 0/1 7:46 0:00 0:00
Shea Theodore 0 0 0 0 0 1 1 1 0 1 0/0 19:31 4:11 4:21
Timothy Kunes 1 3 4 3 4 6 1 2 1 0 0/0 27:09 6:49 5:23
3 Stars
1 - Timothy Kunes (Lou)
2 - Austin Watson (Lou)
3 - Mitch Marner (Lou)
Power Play
Rafales - 0 on 7 Attempt(s) - 0.00%
River Frogs - 1 on 7 Attempt(s) - 14.29%
Penalty Kill
Rafales - 6 on 7 Attempt(s) - 85.71%
- Score 0 goal in Penalty Kill
River Frogs - 7 on 7 Attempt(s) - 100.00%
- Score 0 goal in Penalty Kill
Team Stat
Rafales - Hits : 23 - Faceoff Wins : 30 - Blocked Shots : 11 - Penalty Minutes : 14
River Frogs - Hits : 18 - Faceoff Wins : 31 - Blocked Shots : 3 - Penalty Minutes : 14
Official
Referees : Unknown
Linesman : Unknown
Game Notes
No Game Note
Finance
Level 1 -- Attendance: 1337 (66.85%) -- Ticket Income $53,480
Level 2 -- Attendance: 748 (74.80%) -- Ticket Income $14,960
Total Attendance: 2085 (69.50%)
Total Ticket Income: $68,440
Other Income: $3,422
Total Income: $71,862
Rafales
5 vs 5 Forward
Center Left Wing Right Wing Time % Phy DF OF
1 Zac Dalpe James Sheppard Brian Ferlin 40 1 2 2
2 Jayson Megna Garret Ross James Livingstone 30 1 2 2
3 Joe Labate Ben Thomson Borna Rendulic 20 1 2 2
4 Ryan Bourque Tyrell Goulbourne Zac Dalpe 10 1 2 2
5 vs 5 Defense
Defense Defense Time % Phy DF OF
1 Connor Murphy Dylan McIlrath 38 1 2 2
2 Julian Melchiori Cade Fairchild 28 1 2 2
3 Joey Laleggia Slater Koekkoek 19 1 2 2
4 Gabriel Carlsson Cade Fairchild 15 1 2 2
PowerPlay Forward
Center Left Wing Right Wing Time % Phy DF OF
1 Zac Dalpe James Sheppard Brian Ferlin 60 1 2 2
2 Jayson Megna Garret Ross James Livingstone 40 1 2 2
PowerPlay Defense
Defense Defense Time % Phy DF OF
1 Connor Murphy Cade Fairchild 60 1 2 2
2 Dylan McIlrath Gabriel Carlsson 40 1 2 2
Penalty Kill 4 Players Forward
Center Wing Time % Phy DF OF
1 Zac Dalpe Brian Ferlin 60 1 2 2
2 James Sheppard Garret Ross 40 1 2 2
Penalty Kill 4 Players Defense
Defense Defense Time % Phy DF OF
1 Connor Murphy Cade Fairchild 60 1 2 2
2 Dylan McIlrath Julian Melchiori 40 1 2 2
Penalty Kill - 3 Players Forward
Forward Time % Phy DF OF
1 Zac Dalpe 60 1 2 2
2 Brian Ferlin 40 1 2 2
Penalty Kill - 3 Players Defense
Defense Defense Time % Phy DF OF
1 Connor Murphy Cade Fairchild 60 1 2 2
2 Dylan McIlrath Julian Melchiori 40 1 2 2
4 vs 4 Forward
Center Wing Time % Phy DF OF
1 Zac Dalpe Brian Ferlin 60 1 2 2
2 James Sheppard Garret Ross 40 1 2 2
4 vs 4 Defense
Defense Defense Time % Phy DF OF
1 Connor Murphy Cade Fairchild 60 1 2 2
2 Dylan McIlrath Gabriel Carlsson 40 1 2 2
Last Minutes Offensive
Center Left Wing Right Wing Defense Defense
Zac Dalpe James Sheppard Brian Ferlin Connor Murphy Dylan McIlrath
Last Minutes Defensive
Center Left Wing Right Wing Defense Defense
Zac Dalpe James Sheppard Brian Ferlin Connor Murphy Dylan McIlrath
Goaltenders
Starting : Sean Maguire
Backup : Leland Irving
Extra Forwards
Normal : Pavel Kraskovsky, Brad Ross, Ben Johnson - PP : Pavel Kraskovsky, Brad Ross - PK : Ben Johnson
Extra Defensemen
Normal : Connor Murphy, Dylan McIlrath, Julian Melchiori - PP : Dylan McIlrath - PK : Connor Murphy, Dylan McIlrath
Penalty Shots
Zac Dalpe, Brian Ferlin, James Sheppard, Garret Ross, James Livingstone
Scratches
Andrew Shaw (Dislocated Patella Injury), Alexander Yelesin (Healthy), Chris Driedger (Healthy)
River Frogs
5 vs 5 Forward
Center Left Wing Right Wing Time % Phy DF OF
1 Dominik Simon Emerson Etem Andrew Gordon 40 1 2 2
2 Jared Knight Matt Calvert Ondrej Kase 30 1 2 2
3 Ryan Fitzgerald Justin Florek Bobby Farnham 20 1 2 2
4 Maxim Mamin Austin Watson Mitch Marner 10 1 2 2
5 vs 5 Defense
Defense Defense Time % Phy DF OF
1 Nikita Zadorov Timothy Kunes 40 1 2 2
2 Morgan Rielly Shea Theodore 30 1 2 2
3 Aaron Ness David Kolomatis 20 1 2 2
4 Dillon Heatherington Matt Grzelcyk 10 1 2 2
PowerPlay Forward
Center Left Wing Right Wing Time % Phy DF OF
1 Dominik Simon Emerson Etem Andrew Gordon 60 1 2 2
2 Jared Knight Matt Calvert Ondrej Kase 40 1 2 2
PowerPlay Defense
Defense Defense Time % Phy DF OF
1 Nikita Zadorov Timothy Kunes 60 1 2 2
2 Morgan Rielly Shea Theodore 40 1 2 2
Penalty Kill 4 Players Forward
Center Wing Time % Phy DF OF
1 Emerson Etem Andrew Gordon 60 1 2 2
2 Matt Calvert Justin Florek 40 1 2 2
Penalty Kill 4 Players Defense
Defense Defense Time % Phy DF OF
1 Nikita Zadorov Timothy Kunes 60 1 2 2
2 Morgan Rielly Shea Theodore 40 1 2 2
Penalty Kill - 3 Players Forward
Forward Time % Phy DF OF
1 Emerson Etem 60 1 2 2
2 Andrew Gordon 40 1 2 2
Penalty Kill - 3 Players Defense
Defense Defense Time % Phy DF OF
1 Nikita Zadorov Timothy Kunes 60 1 2 2
2 Morgan Rielly Shea Theodore 40 1 2 2
4 vs 4 Forward
Center Wing Time % Phy DF OF
1 Emerson Etem Andrew Gordon 60 1 2 2
2 Matt Calvert Justin Florek 40 1 2 2
4 vs 4 Defense
Defense Defense Time % Phy DF OF
1 Nikita Zadorov Timothy Kunes 60 1 2 2
2 Morgan Rielly Shea Theodore 40 1 2 2
Last Minutes Offensive
Center Left Wing Right Wing Defense Defense
Dominik Simon Emerson Etem Andrew Gordon Nikita Zadorov Timothy Kunes
Last Minutes Defensive
Center Left Wing Right Wing Defense Defense
Dominik Simon Emerson Etem Andrew Gordon Nikita Zadorov Timothy Kunes
Goaltenders
Starting : Thomas Greiss
Backup : Eric Comrie
Extra Forwards
Normal : Joakim Nordstrom, Richard Nejezchleb, Francis Perron - PP : Joakim Nordstrom, Richard Nejezchleb - PK : Francis Perron
Extra Defensemen
Normal : Aaron Ness, David Kolomatis, Dillon Heatherington - PP : Aaron Ness - PK : David Kolomatis, Dillon Heatherington
Penalty Shots
Emerson Etem, Andrew Gordon, Matt Calvert, Justin Florek, Ondrej Kase
Scratches
Christian Hanson (Healthy), Cameron Hughes (Healthy), Phoenix Copley (Healthy)
% Time on Ice - Rafales
Lines # - Real PCT - Wanted PCT - Time Play
Normal Forward
1 - 28% - 40% - 9:44
2 - 32% - 30% - 11:12
3 - 28% - 20% - 9:47
4 - 12% - 10% - 4:23
Normal Defense
1 - 39% - 38% - 13:42
2 - 25% - 28% - 8:46
3 - 29% - 19% - 10:05
4 - 7% - 15% - 2:33
PP Forward
1 - 54% - 60% - 6:25
2 - 46% - 40% - 5:24
PP Defense
1 - 57% - 60% - 6:41
2 - 43% - 40% - 5:08
PK Forward
1 - 72% - 60% - 7:55
2 - 28% - 40% - 3:06
PK Defense
1 - 65% - 60% - 7:08
2 - 35% - 40% - 3:53
PK3 Forward
1 - 0% - 60%
2 - 0% - 40%
PK3 Defense
1 - 0% - 60%
2 - 0% - 40%
44 Forward
1 - 78% - 60% - 1:37
2 - 22% - 40% - 0:27
44 Defense
1 - 49% - 60% - 1:01
2 - 51% - 40% - 1:03
Last Minute Offensive - 0:00
Last Minute Defensive - 0:00
Total
Forward - 60:00
Defense - 60:00
|
% Time on Ice - River Frogs
Lines # - Real PCT - Wanted PCT - Time Play
Normal Forward
1 - 31% - 40% - 10:43
2 - 29% - 30% - 10:16
3 - 21% - 20% - 7:19
4 - 19% - 10% - 6:48
Normal Defense
1 - 43% - 40% - 15:16
2 - 28% - 30% - 9:48
3 - 19% - 20% - 6:34
4 - 10% - 10% - 3:28
PP Forward
1 - 56% - 60% - 6:11
2 - 44% - 40% - 4:50
PP Defense
1 - 62% - 60% - 6:50
2 - 38% - 40% - 4:11
PK Forward
1 - 72% - 60% - 8:28
2 - 28% - 40% - 3:21
PK Defense
1 - 63% - 60% - 7:28
2 - 37% - 40% - 4:21
PK3 Forward
1 - 0% - 60%
2 - 0% - 40%
PK3 Defense
1 - 0% - 60%
2 - 0% - 40%
44 Forward
1 - 83% - 60% - 1:43
2 - 17% - 40% - 0:21
44 Defense
1 - 43% - 60% - 0:53
2 - 57% - 40% - 1:11
Last Minute Offensive - 0:00
Last Minute Defensive - 0:00
Total
Forward - 60:00
Defense - 60:00
|
Play-by-Play
1st period
0:01 of 1st period - Dominik Simon wins face-off versus James Sheppard in neutral zone.
0:26 of 1st period - Nikita Zadorov is hit by Jayson Megna and loses puck.
0:53 of 1st period - Nikita Zadorov is hit by Borna Rendulic and loses puck.
1:08 of 1st period - Snap shot by Ryan Bourque.
1:08 of 1st period - Stopped by Thomas Greiss without a rebound.
1:09 of 1st period - Ryan Bourque wins face-off versus Maxim Mamin in River Frogs zone.
1:57 of 1st period - Snap shot by James Sheppard.
1:57 of 1st period - Stopped by Thomas Greiss with a rebound.
2:03 of 1st period - Snap shot by Matt Calvert.
2:03 of 1st period - Stopped by Sean Maguire with a rebound.
3:33 of 1st period - Minor Penalty to Justin Florek for High sticking.
3:34 of 1st period - Emerson Etem wins face-off versus James Livingstone in River Frogs zone.
3:34 of 1st period - Emerson Etem is hit by Cade Fairchild.
3:50 of 1st period - Wrist shot by James Livingstone.
3:50 of 1st period - Shot Misses the Net.
5:03 of 1st period - Snap shot by Matt Calvert.
5:03 of 1st period - Shot Misses the Net.
5:33 of 1st period - Penalty to Justin Florek is over, Justin Florek is back on ice.
5:41 of 1st period - Aaron Ness is hit by Ben Thomson and loses puck.
6:13 of 1st period - Joey Laleggia is hit by Jared Knight and loses puck.
6:40 of 1st period - Garret Ross is hit by Mitch Marner.
6:54 of 1st period - Austin Watson is hit by Cade Fairchild and loses puck.
8:05 of 1st period - Slater Koekkoek is hit by Morgan Rielly and loses puck.
9:02 of 1st period - Off-side.
9:03 of 1st period - Ryan Bourque wins face-off versus Dominik Simon in neutral zone.
9:06 of 1st period - David Kolomatis is hit by Zac Dalpe and loses puck.
9:10 of 1st period - Icing by David Kolomatis.
9:11 of 1st period - Dominik Simon wins face-off versus Jayson Megna in River Frogs zone.
9:11 of 1st period - Dominik Simon is hit by Jayson Megna.
9:31 of 1st period - Snap shot by Dominik Simon.
9:31 of 1st period - Shot Misses the Net.
9:33 of 1st period - Snap shot by Andrew Gordon.
9:33 of 1st period - Stopped by Sean Maguire without a rebound.
9:34 of 1st period - Jared Knight wins face-off versus Zac Dalpe in Rafales zone.
9:39 of 1st period - Wrist shot by Ondrej Kase.
9:39 of 1st period - Shot Blocked by Julian Melchiori.
9:45 of 1st period - Slapshot by Ondrej Kase.
9:45 of 1st period - Stopped by Sean Maguire with a rebound.
9:47 of 1st period - Slapshot by Nikita Zadorov.
9:47 of 1st period - Stopped by Sean Maguire with a rebound.
9:49 of 1st period - Wrist shot by Nikita Zadorov.
9:49 of 1st period - Shot Misses the Net.
10:03 of 1st period - Snap shot by Garret Ross.
10:03 of 1st period - Shot Hit the Post.
10:05 of 1st period - Slapshot by James Livingstone.
10:05 of 1st period - Stopped by Thomas Greiss without a rebound.
10:06 of 1st period - Dominik Simon wins face-off versus Zac Dalpe in River Frogs zone.
10:31 of 1st period - Matt Calvert is hit by Jayson Megna.
10:57 of 1st period - Wrist shot by Joe Labate.
10:57 of 1st period - Stopped by Thomas Greiss with a rebound.
11:07 of 1st period - Minor Penalty to Borna Rendulic for Holding Stick.
11:08 of 1st period - Dominik Simon wins face-off versus Zac Dalpe in Rafales zone.
11:17 of 1st period - Snap shot by Dominik Simon.
11:17 of 1st period - Stopped by Sean Maguire without a rebound.
11:18 of 1st period - Dominik Simon wins face-off versus Zac Dalpe in Rafales zone.
11:21 of 1st period - Backhand shot by Emerson Etem.
11:21 of 1st period - Shot Misses the Net.
11:31 of 1st period - Wrist shot by Zac Dalpe.
11:31 of 1st period - Deflect By Brian Ferlin.
11:31 of 1st period - Stopped by Thomas Greiss without a rebound.
11:32 of 1st period - Zac Dalpe wins face-off versus Dominik Simon in River Frogs zone.
11:41 of 1st period - Slapshot by Timothy Kunes.
11:41 of 1st period - Stopped by Sean Maguire without a rebound.
11:42 of 1st period - Zac Dalpe wins face-off versus Dominik Simon in Rafales zone.
11:42 of 1st period - Zac Dalpe is hit by Emerson Etem.
12:14 of 1st period - Off-side.
12:15 of 1st period - Jared Knight wins face-off versus James Sheppard in neutral zone.
12:18 of 1st period - Wrist shot by Matt Calvert.
12:18 of 1st period - Goal by Matt Calvert - Rafales : 0 - River Frogs : 1.
12:19 of 1st period - Dominik Simon wins face-off versus Zac Dalpe in neutral zone.
12:22 of 1st period - Snap shot by Dominik Simon.
12:22 of 1st period - Stopped by Sean Maguire without a rebound.
12:23 of 1st period - Dominik Simon wins face-off versus Zac Dalpe in Rafales zone.
12:52 of 1st period - Minor Penalty to Cade Fairchild for Tripping.
12:53 of 1st period - Zac Dalpe wins face-off versus Dominik Simon in Rafales zone.
13:32 of 1st period - Slapshot by Garret Ross.
13:32 of 1st period - Shot Misses the Net.
14:33 of 1st period - Icing by Andrew Gordon.
14:34 of 1st period - Dominik Simon wins face-off versus James Sheppard in River Frogs zone.
14:52 of 1st period - Penalty to Cade Fairchild is over, Cade Fairchild is back on ice.
14:56 of 1st period - Off-side.
14:57 of 1st period - Jayson Megna wins face-off versus Ryan Fitzgerald in neutral zone.
15:06 of 1st period - Wrist shot by Justin Florek.
15:06 of 1st period - Shot Misses the Net.
15:08 of 1st period - Slapshot by Morgan Rielly.
15:08 of 1st period - Stopped by Sean Maguire with a rebound.
15:10 of 1st period - Snap shot by Justin Florek.
15:10 of 1st period - Stopped by Sean Maguire with a rebound.
15:12 of 1st period - Slapshot by Shea Theodore.
15:12 of 1st period - Shot Misses the Net.
15:24 of 1st period - Matt Calvert is hit by Brian Ferlin and loses puck.
15:37 of 1st period - Minor Penalty to Jared Knight for Tripping.
15:38 of 1st period - Zac Dalpe wins face-off versus Emerson Etem in River Frogs zone.
15:43 of 1st period - Wrist shot by Brian Ferlin.
15:43 of 1st period - Stopped by Thomas Greiss with a rebound.
17:18 of 1st period - Icing by Garret Ross.
17:19 of 1st period - Jayson Megna wins face-off versus Matt Calvert in Rafales zone.
17:37 of 1st period - Penalty to Jared Knight is over, Jared Knight is back on ice.
17:42 of 1st period - Wrist shot by Ben Thomson.
17:42 of 1st period - Shot Misses the Net.
18:06 of 1st period - Aaron Ness is hit by Dylan McIlrath and loses puck.
18:37 of 1st period - Snap shot by Emerson Etem.
18:37 of 1st period - Shot Misses the Net.
18:39 of 1st period - Slapshot by David Kolomatis.
18:39 of 1st period - Shot Misses the Net.
18:41 of 1st period - Wrist shot by Dominik Simon.
18:41 of 1st period - Stopped by Sean Maguire with a rebound.
19:20 of 1st period - Snap shot by Jared Knight.
19:20 of 1st period - Shot Blocked by James Sheppard.
19:28 of 1st period - Slapshot by Timothy Kunes.
19:28 of 1st period - Shot Misses the Net.
Goals for this period are 0 for Rafales vs 1 for River Frogs.
Shots for this period are 6 for Rafales vs 11 for River Frogs.
2nd period
0:01 of 2nd period - Dominik Simon wins face-off versus Zac Dalpe in neutral zone.
0:04 of 2nd period - Snap shot by Andrew Gordon.
0:04 of 2nd period - Stopped by Sean Maguire with a rebound.
0:06 of 2nd period - Slapshot by Andrew Gordon.
0:06 of 2nd period - Stopped by Sean Maguire without a rebound.
0:07 of 2nd period - Zac Dalpe wins face-off versus Dominik Simon in Rafales zone.
0:12 of 2nd period - Zac Dalpe is hit by Emerson Etem and loses puck.
0:21 of 2nd period - Backhand shot by Emerson Etem.
0:21 of 2nd period - Shot Blocked by Dylan McIlrath.
0:23 of 2nd period - Slapshot by Timothy Kunes.
0:23 of 2nd period - Stopped by Sean Maguire with a rebound.
0:44 of 2nd period - Jared Knight is hit by Dylan McIlrath and loses puck.
1:15 of 2nd period - Shea Theodore is hit by Zac Dalpe.
1:27 of 2nd period - Minor Penalty to Tyrell Goulbourne for Tripping.
1:28 of 2nd period - Dominik Simon wins face-off versus Zac Dalpe in Rafales zone.
2:01 of 2nd period - Shea Theodore is hit by Garret Ross and loses puck.
2:08 of 2nd period - Wrist shot by Garret Ross.
2:08 of 2nd period - Stopped by Thomas Greiss with a rebound.
2:12 of 2nd period - Slapshot by James Sheppard.
2:12 of 2nd period - Shot Misses the Net.
2:14 of 2nd period - Snap shot by James Sheppard.
2:14 of 2nd period - Stopped by Thomas Greiss without a rebound.
2:15 of 2nd period - Emerson Etem wins face-off versus Zac Dalpe in River Frogs zone.
3:27 of 2nd period - Penalty to Tyrell Goulbourne is over, Tyrell Goulbourne is back on ice.
3:44 of 2nd period - Garret Ross is hit by Justin Florek and loses puck.
3:59 of 2nd period - Off-side.
4:00 of 2nd period - Joe Labate wins face-off versus Jared Knight in neutral zone.
4:19 of 2nd period - Minor Penalty to Ben Thomson for Roughing.
4:20 of 2nd period - Dominik Simon wins face-off versus Brian Ferlin in Rafales zone.
4:24 of 2nd period - Backhand shot by Andrew Gordon.
4:24 of 2nd period - Shot Blocked by Brian Ferlin.
4:26 of 2nd period - Slapshot by Timothy Kunes.
4:26 of 2nd period - Shot Blocked by Brian Ferlin.
4:28 of 2nd period - Wrist shot by Dominik Simon.
4:28 of 2nd period - Shot Misses the Net.
4:30 of 2nd period - Slapshot by Timothy Kunes.
4:30 of 2nd period - Stopped by Sean Maguire with a rebound.
4:32 of 2nd period - Slapshot by Nikita Zadorov.
4:32 of 2nd period - Deflect By Andrew Gordon.
4:32 of 2nd period - Stopped by Sean Maguire with a rebound.
4:34 of 2nd period - Slapshot by Nikita Zadorov.
4:34 of 2nd period - Shot Misses the Net.
4:52 of 2nd period - Slapshot by Matt Calvert.
4:52 of 2nd period - Stopped by Sean Maguire with a rebound.
5:02 of 2nd period - Backhand shot by Garret Ross.
5:02 of 2nd period - Shot Hit the Post.
5:04 of 2nd period - Snap shot by Cade Fairchild.
5:04 of 2nd period - Stopped by Thomas Greiss with a rebound.
5:10 of 2nd period - Minor Penalty to Timothy Kunes for Hooking.
5:11 of 2nd period - Emerson Etem wins face-off versus Zac Dalpe in River Frogs zone.
5:27 of 2nd period - Snap shot by Zac Dalpe.
5:27 of 2nd period - Shot Misses the Net.
6:19 of 2nd period - Penalty to Ben Thomson is over, Ben Thomson is back on ice.
6:21 of 2nd period - Slapshot by Connor Murphy.
6:21 of 2nd period - Shot Misses the Net.
6:27 of 2nd period - Snap shot by Brian Ferlin.
6:27 of 2nd period - Stopped by Thomas Greiss without a rebound.
6:28 of 2nd period - Emerson Etem wins face-off versus Jayson Megna in River Frogs zone.
6:41 of 2nd period - Slapshot by Garret Ross.
6:41 of 2nd period - Stopped by Thomas Greiss with a rebound.
7:10 of 2nd period - Penalty to Timothy Kunes is over, Timothy Kunes is back on ice.
7:27 of 2nd period - Slapshot by Ondrej Kase.
7:27 of 2nd period - Shot Misses the Net.
7:29 of 2nd period - Snap shot by Matt Calvert.
7:29 of 2nd period - Shot Blocked by Borna Rendulic.
8:00 of 2nd period - Jayson Megna is hit by Shea Theodore and loses puck.
8:09 of 2nd period - Minor Penalty to Maxim Mamin for Tripping.
8:10 of 2nd period - Emerson Etem wins face-off versus Zac Dalpe in River Frogs zone.
10:09 of 2nd period - Penalty to Maxim Mamin is over, Maxim Mamin is back on ice.
10:15 of 2nd period - Off-side.
10:16 of 2nd period - Joe Labate wins face-off versus Jared Knight in neutral zone.
10:25 of 2nd period - Snap shot by Borna Rendulic.
10:25 of 2nd period - Shot Misses the Net.
11:11 of 2nd period - Wrist shot by Andrew Gordon.
11:11 of 2nd period - Shot Blocked by Julian Melchiori.
11:13 of 2nd period - Backhand shot by Shea Theodore.
11:13 of 2nd period - Deflect By Julian Melchiori.
11:13 of 2nd period - Stopped by Sean Maguire without a rebound.
11:14 of 2nd period - Joe Labate wins face-off versus Dominik Simon in Rafales zone.
11:19 of 2nd period - Snap shot by Dylan McIlrath.
11:19 of 2nd period - Shot Misses the Net.
11:44 of 2nd period - James Sheppard is hit by Ondrej Kase and loses puck.
12:01 of 2nd period - Snap shot by Ryan Fitzgerald.
12:01 of 2nd period - Shot Blocked by Garret Ross.
12:22 of 2nd period - Minor Penalty to Ben Thomson for Hooking.
12:23 of 2nd period - Zac Dalpe wins face-off versus Dominik Simon in Rafales zone.
12:33 of 2nd period - Connor Murphy is hit by Andrew Gordon and loses puck.
14:22 of 2nd period - Penalty to Ben Thomson is over, Ben Thomson is back on ice.
14:25 of 2nd period - Shea Theodore is hit by Dylan McIlrath and loses puck.
15:39 of 2nd period - Snap shot by Garret Ross.
15:39 of 2nd period - Stopped by Thomas Greiss with a rebound.
15:51 of 2nd period - Snap shot by Joe Labate.
15:51 of 2nd period - Deflect By Borna Rendulic.
15:51 of 2nd period - Stopped by Thomas Greiss with a rebound.
17:11 of 2nd period - Snap shot by Dylan McIlrath.
17:11 of 2nd period - Shot Blocked by Timothy Kunes.
17:25 of 2nd period - Wrist shot by Austin Watson.
17:25 of 2nd period - Shot Blocked by James Livingstone.
17:27 of 2nd period - Slapshot by Timothy Kunes.
17:27 of 2nd period - Goal by Timothy Kunes - Rafales : 0 - River Frogs : 2.
17:28 of 2nd period - Dominik Simon wins face-off versus Brian Ferlin in neutral zone.
17:28 of 2nd period - Dominik Simon is hit by Brian Ferlin.
17:46 of 2nd period - James Sheppard is hit by Emerson Etem and loses puck.
17:57 of 2nd period - Wrist shot by Justin Florek.
17:57 of 2nd period - Shot Misses the Net.
18:15 of 2nd period - Snap shot by Zac Dalpe.
18:15 of 2nd period - Stopped by Thomas Greiss without a rebound.
18:16 of 2nd period - Joe Labate wins face-off versus Dominik Simon in River Frogs zone.
18:23 of 2nd period - Slapshot by Joe Labate.
18:23 of 2nd period - Shot Misses the Net.
18:49 of 2nd period - Snap shot by Aaron Ness.
18:49 of 2nd period - Deflect By Ondrej Kase.
18:49 of 2nd period - Stopped by Sean Maguire without a rebound.
18:50 of 2nd period - Dominik Simon wins face-off versus Joe Labate in Rafales zone.
19:01 of 2nd period - Snap shot by Ben Thomson.
19:01 of 2nd period - Stopped by Thomas Greiss without a rebound.
19:02 of 2nd period - Andrew Gordon wins face-off versus Zac Dalpe in River Frogs zone.
19:09 of 2nd period - Slapshot by Emerson Etem.
19:09 of 2nd period - Shot Misses the Net.
19:11 of 2nd period - Slapshot by Timothy Kunes.
19:11 of 2nd period - Stopped by Sean Maguire with a rebound.
19:13 of 2nd period - Slapshot by Nikita Zadorov.
19:13 of 2nd period - Deflect By Emerson Etem.
19:13 of 2nd period - Goal by Emerson Etem - Rafales : 0 - River Frogs : 3.
19:14 of 2nd period - Emerson Etem wins face-off versus Brian Ferlin in neutral zone.
19:29 of 2nd period - Wrist shot by Timothy Kunes.
19:29 of 2nd period - Stopped by Sean Maguire with a rebound.
19:35 of 2nd period - Nikita Zadorov is hit by Zac Dalpe and loses puck.
19:47 of 2nd period - Icing by Timothy Kunes.
19:48 of 2nd period - Jayson Megna wins face-off versus Jared Knight in River Frogs zone.
Goals for this period are 0 for Rafales vs 2 for River Frogs.
Shots for this period are 9 for Rafales vs 12 for River Frogs.
3rd period
0:01 of 3rd period - Zac Dalpe wins face-off versus Dominik Simon in neutral zone.
0:53 of 3rd period - Slapshot by Justin Florek.
0:53 of 3rd period - Goal by Justin Florek - Rafales : 0 - River Frogs : 4.
0:54 of 3rd period - Zac Dalpe wins face-off versus Dominik Simon in neutral zone.
0:59 of 3rd period - Snap shot by Brian Ferlin.
0:59 of 3rd period - Shot Misses the Net.
1:01 of 3rd period - Slapshot by Connor Murphy.
1:01 of 3rd period - Stopped by Thomas Greiss with a rebound.
1:03 of 3rd period - Snap shot by James Sheppard.
1:03 of 3rd period - Stopped by Thomas Greiss without a rebound.
1:04 of 3rd period - Zac Dalpe wins face-off versus Dominik Simon in River Frogs zone.
1:04 of 3rd period - Zac Dalpe is hit by Andrew Gordon.
1:11 of 3rd period - Snap shot by James Sheppard.
1:11 of 3rd period - Deflect By Zac Dalpe.
1:11 of 3rd period - Shot Misses the Net.
1:11 of 3rd period - Puck is out of play.
1:12 of 3rd period - Zac Dalpe wins face-off versus Dominik Simon in River Frogs zone.
1:13 of 3rd period - Wrist shot by Brian Ferlin.
1:13 of 3rd period - Goal by Brian Ferlin - Rafales : 1 - River Frogs : 4.
1:14 of 3rd period - Emerson Etem wins face-off versus Zac Dalpe in neutral zone.
1:46 of 3rd period - Slapshot by Connor Murphy.
1:46 of 3rd period - Deflect By James Livingstone.
1:46 of 3rd period - Shot Blocked by Timothy Kunes.
1:46 of 3rd period - Puck is out of play.
1:47 of 3rd period - Jayson Megna wins face-off versus Jared Knight in River Frogs zone.
2:02 of 3rd period - Shea Theodore is hit by Jayson Megna and loses puck.
2:11 of 3rd period - Ondrej Kase is hit by Garret Ross and loses puck.
2:18 of 3rd period - Snap shot by Garret Ross.
2:18 of 3rd period - Stopped by Thomas Greiss with a rebound.
2:22 of 3rd period - Wrist shot by James Livingstone.
2:22 of 3rd period - Shot Blocked by Shea Theodore.
2:24 of 3rd period - Slapshot by Dylan McIlrath.
2:24 of 3rd period - Deflect By Shea Theodore.
2:24 of 3rd period - Stopped by Thomas Greiss with a rebound.
2:26 of 3rd period - Slapshot by Dylan McIlrath.
2:26 of 3rd period - Stopped by Thomas Greiss without a rebound.
2:27 of 3rd period - Zac Dalpe wins face-off versus Dominik Simon in River Frogs zone.
2:34 of 3rd period - Wrist shot by James Sheppard.
2:34 of 3rd period - Shot Misses the Net.
2:36 of 3rd period - Slapshot by Dylan McIlrath.
2:36 of 3rd period - Deflect By Brian Ferlin.
2:36 of 3rd period - Shot Misses the Net.
2:36 of 3rd period - Puck is out of play.
2:37 of 3rd period - Dominik Simon wins face-off versus Zac Dalpe in River Frogs zone.
2:52 of 3rd period - Backhand shot by Connor Murphy.
2:52 of 3rd period - Stopped by Thomas Greiss without a rebound.
2:53 of 3rd period - Jayson Megna wins face-off versus Jared Knight in River Frogs zone.
2:54 of 3rd period - Slapshot by Garret Ross.
2:54 of 3rd period - Shot Misses the Net.
3:06 of 3rd period - Timothy Kunes is hit by Jayson Megna and loses puck.
3:35 of 3rd period - Minor Penalty to Julian Melchiori for Tripping.
3:36 of 3rd period - Dominik Simon wins face-off versus Zac Dalpe in Rafales zone.
3:41 of 3rd period - Slapshot by Emerson Etem.
3:41 of 3rd period - Stopped by Sean Maguire without a rebound.
3:42 of 3rd period - Zac Dalpe wins face-off versus Dominik Simon in Rafales zone.
3:42 of 3rd period - Zac Dalpe is hit by Emerson Etem.
4:52 of 3rd period - Dylan McIlrath is hit by Emerson Etem and loses puck.
5:35 of 3rd period - Penalty to Julian Melchiori is over, Julian Melchiori is back on ice.
7:07 of 3rd period - Icing by Aaron Ness.
7:08 of 3rd period - Jayson Megna wins face-off versus Maxim Mamin in River Frogs zone.
7:13 of 3rd period - Snap shot by Garret Ross.
7:13 of 3rd period - Stopped by Thomas Greiss without a rebound.
7:14 of 3rd period - Jayson Megna wins face-off versus Maxim Mamin in River Frogs zone.
7:27 of 3rd period - Snap shot by Austin Watson.
7:27 of 3rd period - Stopped by Sean Maguire with a rebound.
7:29 of 3rd period - Slapshot by Austin Watson.
7:29 of 3rd period - Goal by Austin Watson - Rafales : 1 - River Frogs : 5.
7:30 of 3rd period - Brian Ferlin wins face-off versus Dominik Simon in neutral zone.
7:35 of 3rd period - James Sheppard is hit by Andrew Gordon and loses puck.
7:46 of 3rd period - Snap shot by James Sheppard.
7:46 of 3rd period - Shot Misses the Net.
7:52 of 3rd period - Minor Penalty to Emerson Etem for Holding.
7:53 of 3rd period - Zac Dalpe wins face-off versus Francis Perron in River Frogs zone.
7:54 of 3rd period - Slapshot by Brian Ferlin.
7:54 of 3rd period - Stopped by Thomas Greiss with a rebound.
8:18 of 3rd period - Dominik Simon is hit by Connor Murphy and loses puck.
8:27 of 3rd period - Slapshot by Jayson Megna.
8:27 of 3rd period - Shot Misses the Net.
8:55 of 3rd period - Minor Penalty to Zac Dalpe for Hooking.
8:56 of 3rd period - Joakim Nordstrom wins face-off versus Pavel Kraskovsky in Rafales zone.
9:52 of 3rd period - Penalty to Emerson Etem is over, Emerson Etem is back on ice.
10:55 of 3rd period - Penalty to Zac Dalpe is over, Zac Dalpe is back on ice.
11:12 of 3rd period - Off-side.
11:13 of 3rd period - Jared Knight wins face-off versus Joe Labate in neutral zone.
11:22 of 3rd period - Wrist shot by Slater Koekkoek.
11:22 of 3rd period - Stopped by Thomas Greiss without a rebound.
11:23 of 3rd period - Jared Knight wins face-off versus Joe Labate in River Frogs zone.
11:32 of 3rd period - Wrist shot by Ben Thomson.
11:32 of 3rd period - Stopped by Thomas Greiss with a rebound.
11:34 of 3rd period - Snap shot by Joe Labate.
11:34 of 3rd period - Stopped by Thomas Greiss with a rebound.
11:36 of 3rd period - Wrist shot by Borna Rendulic.
11:36 of 3rd period - Stopped by Thomas Greiss with a rebound.
11:46 of 3rd period - Wrist shot by Borna Rendulic.
11:46 of 3rd period - Deflect By Jared Knight.
11:46 of 3rd period - Stopped by Thomas Greiss without a rebound.
11:47 of 3rd period - Dominik Simon wins face-off versus Zac Dalpe in River Frogs zone.
11:56 of 3rd period - Slapshot by Zac Dalpe.
11:56 of 3rd period - Stopped by Thomas Greiss with a rebound.
11:58 of 3rd period - Backhand shot by Brian Ferlin.
11:58 of 3rd period - Shot Misses the Net.
12:00 of 3rd period - Snap shot by Zac Dalpe.
12:00 of 3rd period - Stopped by Thomas Greiss without a rebound.
12:01 of 3rd period - Zac Dalpe wins face-off versus Dominik Simon in River Frogs zone.
12:03 of 3rd period - Minor Penalty to Timothy Kunes for Roughing.
12:04 of 3rd period - Zac Dalpe wins face-off versus Andrew Gordon in River Frogs zone.
12:31 of 3rd period - Emerson Etem is hit by Garret Ross and loses puck.
14:03 of 3rd period - Penalty to Timothy Kunes is over, Timothy Kunes is back on ice.
14:06 of 3rd period - Brad Ross is hit by Timothy Kunes and loses puck.
14:38 of 3rd period - Morgan Rielly is hit by Joey Laleggia.
15:18 of 3rd period - Snap shot by Mitch Marner.
15:18 of 3rd period - Stopped by Sean Maguire with a rebound.
15:20 of 3rd period - Wrist shot by Maxim Mamin.
15:20 of 3rd period - Shot Blocked by Garret Ross.
15:42 of 3rd period - Snap shot by James Sheppard.
15:42 of 3rd period - Goal by James Sheppard - Rafales : 2 - River Frogs : 5.
15:43 of 3rd period - Zac Dalpe wins face-off versus Dominik Simon in neutral zone.
15:50 of 3rd period - Wrist shot by Zac Dalpe.
15:50 of 3rd period - Stopped by Thomas Greiss with a rebound.
15:56 of 3rd period - Snap shot by Zac Dalpe.
15:56 of 3rd period - Stopped by Thomas Greiss with a rebound.
16:10 of 3rd period - Garret Ross is hit by Ondrej Kase and loses puck.
16:23 of 3rd period - Cade Fairchild is hit by Jared Knight and loses puck.
16:33 of 3rd period - Julian Melchiori is hit by David Kolomatis and loses puck.
16:41 of 3rd period - Minor Penalty to Ryan Fitzgerald for Cross-checking.
16:42 of 3rd period - Emerson Etem wins face-off versus Zac Dalpe in River Frogs zone.
16:52 of 3rd period - Wrist shot by Emerson Etem.
16:52 of 3rd period - Shot Misses the Net.
16:54 of 3rd period - Snap shot by Nikita Zadorov.
16:54 of 3rd period - Deflect By Emerson Etem.
16:54 of 3rd period - Shot Misses the Net.
16:54 of 3rd period - Puck is out of play.
16:55 of 3rd period - Emerson Etem wins face-off versus Zac Dalpe in Rafales zone.
18:41 of 3rd period - Penalty to Ryan Fitzgerald is over, Ryan Fitzgerald is back on ice.
18:46 of 3rd period - Slapshot by Matt Calvert.
18:46 of 3rd period - Stopped by Sean Maguire with a rebound.
18:48 of 3rd period - Wrist shot by Justin Florek.
18:48 of 3rd period - Shot Misses the Net.
18:50 of 3rd period - Wrist shot by Justin Florek.
18:50 of 3rd period - Shot Blocked by Borna Rendulic.
18:52 of 3rd period - Snap shot by Shea Theodore.
18:52 of 3rd period - Shot Misses the Net.
19:43 of 3rd period - Maxim Mamin is hit by James Sheppard and loses puck.
Goals for this period are 2 for Rafales vs 2 for River Frogs.
Shots for this period are 19 for Rafales vs 6 for River Frogs.
Output by the SimonT Hockey Simulator (STHS) for Francois Prevost